 Dungeon Crawl Stone Soup version 0.30.1 (webtiles) character file.

Game seed: 10632400972743896747

1794046 woowoo the Slayer (level 25, 178/178 (182) HPs)
             Began as a Gargoyle Berserker on July 1, 2023.
             Was a High Priest of Trog.
             Escaped with the Orb
             ... and 3 runes!
             The game lasted 01:53:32 (55702 turns).

woowoo the Slayer (Gargoyle Berserker)             Turns: 55702, Time: 01:53:32

HP:   178/178 (182) AC: 52    Str: 30      XL:     25   Next: 40%
MP:   23/23         EV: 10    Int: 11 (12) God:    Trog [*****.]
Gold: 2914          SH: 23    Dex:  9      Spells: 24/24 levels left

rFire   + + .        Z - +8 eveningstar (spect)
rCold   + + .        w - +2 tower shield "Ubraonul" {Will+ rCorr Int+3}
rNeg    + . .        G - +0 gold dragon scales
rPois   ∞            V - +0 helmet of Gluttony {rF+ rC+}
rElec   +            o - +2 cloak
rCorr   +            c - +0 pair of gloves {infuse}
SInv    +            X - +2 pair of boots {Stlth+}
Will    ++...        A - amulet of regeneration Stlth
                     m - +4 ring of slaying
HPRegen 1.29/turn    y - ring of see invisible
MPRegen 0.18/turn

%: infuse magic (1 MP)
@: flying, lightly drained
A: sickness immunity, AC +19, big wings, negative energy resistance 1,
electricity resistance, torment resistance 1, petrification resistance, dopey 1,
screaming 1, evolution 1
0: Orb of Zot
}: 3/15 runes: barnacled, slimy, gossamer
a: Renounce Religion, Berserk, Trog's Hand, Brothers in Arms


You escaped.
You worshipped Trog.
Trog was extremely pleased with you.
You visited 8 branches of the dungeon, and saw 44 of its levels.
You visited 1 bazaar.
You visited 1 ziggurat, and saw 6 of its levels.
You also visited: Ice Cave and Volcano.

You collected 4740 gold pieces.
You spent 1826 gold pieces at shops.

Inventory:

Hand Weapons
 a - the +7 flail of Trog's Scorn {flame, rF+++}
   (Trog gifted it to you on level 3 of the Spider Nest)

   rF:        It renders you almost immune to fire.
 b - the +5 morningstar "Spiderbane" {antimagic, rPois rN+ Int-3}
   (Trog gifted it to you on level 4 of the Spider Nest)

   Int:       It affects your intelligence (-3).
   rPois:     It protects you from poison.
   rN:        It protects you from negative energy.
 R - a +5 vampiric demon whip
 Z - a +8 spectral eveningstar (weapon)
Missiles
 Q - 5 throwing nets (quivered)
Armour
 c - a +0 pair of gloves of infusion (worn)
 j - a +1 helmet of see invisible
 o - a +2 cloak (worn)
 v - +3 ice dragon scales
 w - the +2 tower shield "Ubraonul" (worn) {Will+ rCorr Int+3}
   (You acquired it on level 7 of the Dungeon)

   Int:       It affects your intelligence (+3).
   rCorr:     It protects you from acid and corrosion.
   Will:      It increases your willpower.
 G - +0 gold dragon scales (worn)
 V - the +0 helmet of Gluttony (worn) {rF+ rC+}
   (You acquired it on level 13 of the Dungeon)

   rF:        It protects you from fire.
   rC:        It protects you from cold.
 X - a +2 pair of boots of stealth (worn)
Jewellery
 l - a ring of protection from fire
 m - a +4 ring of slaying (left hand)
 p - a +4 ring of slaying
 x - a +6 ring of strength
 y - a ring of see invisible (right hand)
 A - an amulet of regeneration (around neck)
Wands
 e - a wand of quicksilver (2)
 g - a wand of flame (6)
 s - a wand of charming (4)
 B - a wand of digging (21)
Scrolls
 f - 5 scrolls of immolation
 h - 3 scrolls of torment
 i - 5 scrolls of silence
 t - 24 scrolls of teleportation
 u - 36 scrolls of identify
 D - a scroll of fear
 F - 8 scrolls of magic mapping
 H - 12 scrolls of fog
 I - a scroll of butterflies
 M - a scroll of enchant weapon
 N - 3 scrolls of poison
Potions
 d - 16 potions of curing
 k - 7 potions of lignification
 n - 4 potions of heal wounds
 q - 12 potions of attraction
 r - 12 potions of mutation
 z - 8 potions of berserk rage
 C - a potion of invisibility
 E - 2 potions of magic
 J - 7 potions of might
 K - 2 potions of flight
 S - 7 potions of resistance
 T - a potion of cancellation
 W - 7 potions of ambrosia
 Y - a potion of haste
Miscellaneous
 L - a phantom mirror


   Skills:
 * Level 25.3 Fighting
 * Level 22.7 Maces & Flails
 + Level 18.0 Armour
 + Level 14.1 Dodging
 * Level 22.5 Shields


You had 24 spell levels left.
You didn't know any spells.
Your spell library was empty.

Dungeon Overview and Level Annotations

Branches:
Dungeon (15/15)            Temple (0/1) D:4            Lair (5/5) D:10
 Shoals (4/4) Lair:3       Spider (4/4) Lair:2        Slime (5/5) Lair:5
    Orc (2/2) D:9             Elf (0/3) Orc:2        Vaults (0/5) D:13
 Depths (4/4) D:15            Zot (5/5) Depths:4      IceCv (visited)
Volcano (visited)

Altars:
Kikubaaqudgha
Makhleb
Nemelex Xobeh
Ru
Vehumet
Jiyva

Shops:
D:4 (   D:5 !   D:15 !   Orc:2 *::(   Shoals:2 **   Shoals:3 :   Depths:1 =:=
Depths:4 [!

Portals:
Hell: Depths:1 Depths:2 Depths:3 Depths:4
Abyss: Depths:1 Depths:3 Depths:4
Pandemonium: Depths:1 Depths:2

Annotations:
Spider:2 2 transporters, exclusion: oklob plant, Arachne; woowoo's ghost, adept DrBe
Depths:1 3 transporters
Depths:3 1 transporter
Zot:1 6 transporters
Zot:3 exclusion: 3 lightning spires


Innate Abilities, Weirdness & Mutations

You are immune to sickness and miasma.
Your stone body is resilient. (AC +19)
You are immune to poison.
Your large and strong wings let you fly.
You resist negative energy. (rN+)
You are resistant to electric shocks. (rElec)
You are resistant to unholy torment.
You are immune to petrification.
You are dopey. (Int -2)
You occasionally shout uncontrollably at your foes.
You have hidden genetic potential.


Message History

A soul eater comes into view.
There is a stone staircase leading down here.
You feel yourself speed up.
You bludgeon the soul eater!!
The soul eater is moderately wounded.
You block the soul eater's attack.
You bludgeon the soul eater!!
The soul eater is severely wounded.
You barely miss the soul eater.
The soul eater is severely wounded.
You block the soul eater's attack.
You bludgeon the soul eater!!
You kill the soul eater!
Trog accepts your kill.
Your Armour skill increases to level 18!
HP restored.
Magic restored.
There is an open door here.
Your extra speed is starting to run out.
An Executioner comes into view.
The Executioner gives a hideous shriek!
There is an open door here.
You reach down and open the door.
An Executioner is nearby!
There is an open door here.
An Executioner is nearby!
You feel yourself slow down.
There is a staircase leading out of the dungeon here.
Press: ? - help, . - travel You can't see that place. [the floor.] Welcome back, woowoo the Gargoyle Berserker.
Trog says: Kill them all!
Press ? for a list of commands and other information.
You can't go down here!
You block the Executioner's attack. x2
The Executioner hits you but does no damage.
You block the Executioner's attack. x2
The Executioner hits you but does no damage.
You have escaped!

#.....# #.##.# #.# #.##.
#.###.# #.##.# #.# #....
##.# #.# #.##.# #.# #..#.
...#
###########'#############.#.
#### #........'8.8+........#
#... #........#...#........#
#.#.
#...⌠....##'##....⌠...###.#.
##.........1.........##...#.
######....@....###########.
##.......#### ####.
#########..# #.... #.# #.##
#.##. #.# #.# #.##. #.#
#.#######.#.. #.#
#............
#.######.........#
#........#####.###


You could see an Executioner.

Vanquished Creatures
  the Royal Jelly (Slime:5)
  2 dread liches (Zot:5)
  3 orbs of fire (Zot:5)
  An ancient lich (Zot:5)
  2 juggernauts
  Vv (Depths:3)
  5 Killer Klowns (Zot:5)
  6 caustic shrikes
  4 curse toes
  9 golden dragons
  Nikola (Spider:3)
  3 electric golems
  20 tentacled monstrosities
  An Ice Fiend (Zig:6)
  28 Orb Guardians
  3 quicksilver dragons
  2 liches
  12 acid blobs
  3 titans
  Frances (Shoals:1)
  9 death cobs
  4 shadow dragons
  A tengu reaver (Depths:2)
  The ghost of Qidumn the Severer, an adept MiFi of Okawaru (Shoals:2)
  2 sphinxes
  Roxanne (Spider:2)
  19 storm dragons
  13 azure jellies
  6 draconian monks
  A fenstrider witch (Zig:5)
  A fire giant (Depths:3)
  A revenant (Zig:3)
  A draconian knight (Zot:2)
  4 frost giants
  14 rockslimes
  6 emperor scorpions (Spider:4)
  A vault warden (Zig:1)
  Louise (Depths:4)
  10 ghost moths
  8 draconian scorchers
  6 draconian stormcallers
  9 draconian shifters
  An iron dragon (Depths:4)
  A curse skull (Zig:2)
  A war gargoyle (Zot:3)
  8 quicksilver oozes
  7 stone giants
  A reaper (IceCv)
  22 black draconians
  3 broodmothers
  9 very ugly things
  3 eleionomae
  Nessos (D:15)
  4 vampire knights
  2 dire elephants
  9 yellow draconians
  9 purple draconians
  7 green draconians
  6 red draconians
  11 white draconians
  3 wendigos (Zig:6)
  A blizzard demon (D:10)
  7 spark wasps
  2 deep elf death magi
  7 merfolk impalers (Shoals:4)
  Snorg (D:12)
  4 merfolk javelineers (Shoals:4)
  5 ettins
  3 entropy weavers
  2 fire dragons
  9 ice dragons
  4 rakshasas
  6 hydras
  5 radroaches
  The ghost of snickersnuck the Thaumaturge, a journeyman DrFE of Vehumet (D:9)
  2 catoblepae
  4 jorogumos
  5 great orbs of eyes
  2 merfolk aquamancers (Shoals:4)
  A spriggan air mage (Depths:2)
  4 merfolk avatars
  An alligator (Lair:5)
  4 satyrs
  An alligator snapping turtle (Shoals:4)
  5 two-headed ogres
  3 dancing weapons
  10 boulder beetles
  6 centaur warriors
  2 deep troll earth magi (Depths:2)
  2 death yaks (Lair:2)
  2 deep troll shamans
  3 vampire magi (Depths:1)
  An orc high priest (Orc:2)
  4 shock serpents (Zot:3)
  3 spriggan berserkers (Depths:2)
  A shock serpent (shapeshifter) (Depths:2)
  A soul eater (D:1)
  A sun demon (D:13)
  Sonja (Lair:1)
  6 iron trolls
  3 skeletal warriors (D:13)
  2 sun moths
  A golden dragon zombie (Depths:1)
  A shadow demon (D:14)
  5 skysharks
  3 sixfirhies (Zot:3)
  Amaemon (Lair:1)
  A spriggan druid (Zig:5)
  6 deep trolls
  11 pharaoh ants
  4 sea snakes
  9 orb spiders
  A swamp dragon (Lair:5)
  A necromancer (D:15)
  2 wizards
  16 harpies
  8 steelbarb worms
  An obsidian statue (Zot:5)
  3 orc knights
  2 deep elf pyromancers (D:12)
  4 orc sorcerers (Orc:2)
  15 ugly things
  An oklob plant (Lair:3)
  A will-o-the-wisp (Zig:5)
  38 moths of wrath
  A salamander (D:15)
  8 cyclopes
  25 wolf spiders
  14 manticores
  32 fauns
  A salamander (shapeshifter) (D:14)
  10 elephants (Lair:5)
  Joseph (Lair:1)
  5 black mambas
  2 ice statues (IceCv)
  4 centaur zombies (D:7)
  55 slime creatures
  7 demonic crawlers
  4 merfolk sirens
  The ghost of erynZofia the Skirmisher, a novice GrHu of Okawaru (D:6)
  A rust devil (D:14)
  2 shining eyes
  An orange demon (Lair:1)
  12 cane toads
  18 water nymphs
  3 eyes of devastation
  5 torpor snails
  3 gargoyles
  Psyche (D:12)
  4 kobold demonologists
  An unseen horror (D:11)
  3 centaur skeletons (D:7)
  8 yaktaurs
  6 rime drakes
  2 tengu conjurers
  5 ice devils (IceCv)
  9 komodo dragons
  A queen bee (shapeshifter) (D:15)
  A bloated husk (Zig:5)
  A meliai (shapeshifter) (Depths:4)
  5 trolls
  21 merfolk
  2 hellwings (D:7)
  11 polar bears
  5 raiju
  3 meliai (Spider:3)
  8 wind drakes
  32 tarantellas
  A troll (shapeshifter) (Depths:2)
  5 dream sheep
  An ettin zombie (Depths:1)
  A hornet (D:9)
  Prince Ribbit (D:5)
  15 snapping turtles
  6 blink frogs
  A meliai zombie (D:7)
  A frost giant simulacrum (Depths:1)
  29 jumping spiders
  15 culicivoras
  8 wraiths
  Sigmund (D:3)
  5 basilisks
  6 wyverns
  8 water elementals
  A shadow (D:10)
  A yak (shapeshifter) (D:13)
  Eustachio (D:5)
  31 yaks
  60 redbacks
  3 fire bats (Lair:3)
  A death yak simulacrum (IceCv)
  Menkaure (D:4)
  2 steam dragons
  9 vampire mosquitoes (D:13)
  2 harpy simulacra (IceCv)
  6 wargs (Lair:5)
  4 acid dragons
  10 water moccasins
  A floating eye (Depths:2)
  A glowing shapeshifter skeleton (Depths:1)
  11 hell hounds (Lair:5)
  23 orc warriors
  3 swamp drakes (Lair:5)
  15 black bears
  6 ogres
  2 ice beasts
  A sky beast (D:8)
  An ettin simulacrum (Depths:1)
  25 centaurs
  13 wolves (Lair:5)
  3 phantoms
  12 kobold brigands
  9 bullfrogs
  3 two-headed ogre simulacra (IceCv)
  5 gnoll sergeants
  A cane toad simulacrum (IceCv)
  4 scorpions
  A human simulacrum (Zig:6)
  6 killer bees
  6 howler monkeys
  4 electric eels
  A gnoll bouda (D:4)
  13 jellies
  Crazy Yiuf (D:5)
  23 orc priests
  6 hounds
  Terence (D:2)
  Jessica (D:2)
  7 iguanas
  Ijyb (D:5)
  34 orc wizards
  2 sleepcaps (D:6)
  3 polar bear simulacra (IceCv)
  A troll simulacrum (IceCv)
  2 spriggan simulacra (IceCv)
  2 wolf simulacra (IceCv)
  18 gnolls
  7 adders
  3 naga simulacra (IceCv)
  5 shadow imps
  4 white imps
  4 ufetubi
  3 worms
  2 dart slugs (D:1)
  72 orcs
  3 ball pythons
  5 bats
  4 endoplasms
  A giant cockroach (D:2)
  9 goblins
  11 hobgoblins
  2 jackals (D:5)
  3 frilled lizards
  23 kobolds
  3 rats (D:1)
1623 creatures vanquished.

Vanquished Creatures (collateral kills)
  An acid blob (Lair:5)
  A draconian shifter (Zot:3)
  A great orb of eyes (Lair:5)
  A merfolk aquamancer (Shoals:4)
  A water moccasin (Lair:1)
  A bullfrog (Lair:1)
6 creatures vanquished.

Vanquished Creatures (others)
  A Killer Klown (Zot:3)
  2 draconian knights
  A fire giant (Depths:1)
  A spriggan druid (Zig:5)
  A moth of wrath (Zot:3)
  A slime creature (Lair:5)
  A centaur (Shoals:2)
  5 ball lightnings (Zot:3)
  4 foxfires (Zig:5)
  69 spectral weapons
86 creatures vanquished.

Grand Total: 1715 creatures vanquished

Notes
Turn   | Place    | Note
-------+----------+-------------------------------------------
     0 | D:1      | woowoo the Gargoyle Berserker began the quest for the Orb.
     0 | D:1      | Reached XP level 1. HP: 14/14 MP: 1/1
   241 | D:1      | Reached XP level 2. HP: 18/19 MP: 2/2
   493 | D:1      | Reached skill level 1 in Shields
   740 | D:2      | Found a faded altar of an unknown god.
   760 | D:2      | Reached XP level 3. HP: 23/23 MP: 3/3
   769 | D:2      | Noticed Terence
   776 | D:2      | Killed Terence
   957 | D:2      | Noticed Jessica
   964 | D:2      | Killed Jessica
   965 | D:2      | Reached XP level 4. HP: 17/29 MP: 4/4
  1169 | D:2      | Reached ** piety under Trog
  1406 | D:3      | Reached XP level 5. HP: 33/33 MP: 5/5
  1411 | D:3      | Reached skill level 4 in Fighting
  2080 | D:3      | Found a sacrificial altar of Ru.
  2519 | D:3      | Noticed Sigmund
  2524 | D:3      | Killed Sigmund
  2525 | D:3      | Reached XP level 6. HP: 39/39 MP: 6/6
  2698 | D:4      | Found Webeitz's Antique Weapon Shop.
  2805 | D:4      | Reached XP level 7. HP: 30/44 MP: 7/7
  2988 | D:4      | Reached skill level 5 in Fighting
  3051 | D:4      | Found a sparkling altar of Nemelex Xobeh.
  3557 | D:4      | Found a staircase to the Ecumenical Temple.
  3585 | D:4      | Noticed Menkaure
  3593 | D:4      | Killed Menkaure
  3594 | D:4      | Reached skill level 5 in Maces & Flails
  4138 | D:5      | Entered Level 5 of the Dungeon
  4140 | D:5      | Found Kunke's Distillery.
  4534 | D:5      | Noticed Ijyb
  4547 | D:5      | Killed Ijyb
  4780 | D:5      | Reached XP level 8. HP: 50/50 MP: 8/8
  4852 | D:5      | Reached skill level 5 in Armour
  4968 | D:5      | Noticed Prince Ribbit
  4977 | D:5      | Killed Prince Ribbit
  4978 | D:5      | Reached skill level 6 in Fighting
  5102 | D:5      | Identified the +3 leather armour of Lethargy {rF+ rN+}
  5357 | D:5      | Noticed Eustachio
  5373 | D:5      | Killed Eustachio
  5529 | D:5      | Reached *** piety under Trog
  5668 | D:5      | Found a runed translucent door.
  5669 | D:5      | Noticed Crazy Yiuf
  5675 | D:5      | Killed Crazy Yiuf
  5860 | D:6      | Reached XP level 9. HP: 56/56 MP: 9/9
  6175 | D:6      | Reached skill level 7 in Fighting
  6398 | D:6      | Found a runed translucent door.
  6402 | D:6      | Noticed erynZofia's ghost (novice GrHu)
  6505 | D:6      | Killed erynZofia's ghost
  6506 | D:6      | Reached skill level 5 in Dodging
  6712 | D:7      | Noticed a hellwing
  6762 | D:7      | Killed a hellwing
  6763 | D:7      | Reached XP level 10. HP: 30/63 MP: 10/10
  6884 | D:7      | Reached skill level 8 in Fighting
  7122 | D:7      | Reached skill level 10 in Maces & Flails
  7187 | D:7      | Identified a scroll of acquirement
  7187 | D:7      | Acquired the +2 tower shield "Ubraonul" {Will+ rCorr Int+3}
  7429 | D:7      | Reached XP level 11. HP: 61/69 MP: 11/11
  7791 | D:8      | Reached **** piety under Trog
  8271 | D:8      | Reached skill level 9 in Fighting
  8748 | D:9      | Noticed a two-headed ogre
  8758 | D:9      | Killed a two-headed ogre
  8814 | D:9      | Found a staircase to the Orcish Mines.
  9472 | D:9      | Noticed a two-headed ogre
  9473 | D:9      | Found a burning altar of Makhleb.
  9479 | D:9      | Killed a two-headed ogre
  9480 | D:9      | Reached skill level 5 in Shields
  9634 | D:9      | Identified the +5 robe "Xodewolo" {+Blink rC+ Will-}
  9855 | D:9      | Found a runed translucent gate.
  9855 | D:9      | Found a runed translucent gate.
  9855 | D:9      | Found a runed translucent gate.
  9856 | D:9      | Noticed a ten-headed hydra
  9857 | D:9      | Noticed snickersnuck's ghost (journeyman DrFE)
 10080 | D:9      | Killed snickersnuck's ghost
 10095 | D:10     | Entered Level 10 of the Dungeon
 10328 | D:9      | Killed a ten-headed hydra
 10507 | D:9      | Acquired a manual of Fighting
 10542 | D:10     | Noticed a white ugly thing
 10572 | D:10     | Killed a white ugly thing
 10684 | D:10     | Reached skill level 10 in Fighting
 10712 | D:10     | Reached XP level 12. HP: 72/77 MP: 12/12
 10722 | D:10     | Found a staircase to the Lair.
 11120 | D:10     | You fall into a shaft and drop 2 floors!
 11472 | D:12     | Noticed Psyche
 11482 | D:12     | Killed Psyche
 11483 | D:12     | Reached skill level 11 in Fighting
 11571 | D:12     | Noticed Snorg
 11585 | D:12     | Killed Snorg
 11986 | D:12     | Gained mutation: You are dopey. (Int -2) [a neqoxec]
 12588 | D:11     | Noticed a boulder beetle
 12590 | D:11     | Reached skill level 12 in Fighting
 12623 | D:11     | Noticed a two-headed ogre
 12646 | D:11     | Killed a two-headed ogre
 12673 | D:11     | Reached skill level 10 in Armour
 12689 | D:11     | Killed a boulder beetle
 12707 | D:11     | Found an ancient bone altar of Kikubaaqudgha.
 12797 | D:11     | Reached XP level 13. HP: 79/87 MP: 13/13
 13308 | D:11     | Reached skill level 13 in Fighting
 14018 | Lair:1   | Entered Level 1 of the Lair of Beasts
 14018 | Lair:1   | Noticed Amaemon
 14030 | Lair:1   | Killed Amaemon
 14054 | Lair:1   | Found a frozen archway.
 14070 | Lair:1   | Noticed Joseph
 14072 | Lair:1   | Noticed Sonja
 14093 | Lair:1   | Killed Sonja
 14102 | Lair:1   | Killed Joseph
 14108 | IceCv    | Entered an ice cave
 14120 | IceCv    | Reached skill level 14 in Fighting
 14675 | IceCv    | Noticed a reaper
 14692 | IceCv    | Killed a reaper
 14780 | IceCv    | Identified the +5 long sword of Xaoricy {freeze, Str+2}
 15046 | Lair:1   | Reached ***** piety under Trog
 15647 | Lair:2   | Reached skill level 10 in Shields
 15774 | Lair:2   | Reached skill level 15 in Fighting
 15975 | Lair:2   | Found a hole to the Spider Nest.
 15980 | Lair:2   | Gained mutation: Your large and strong wings let you fly.
                  | [Gargoyle growth]
 15980 | Lair:2   | Reached XP level 14. HP: 98/98 MP: 14/14
 16417 | Lair:3   | Found a dark tunnel.
 16426 | Volcano  | Entered a volcano
 16473 | Volcano  | Found a bloodstained altar of Trog.
 16474 | Volcano  | Noticed a red draconian
 16525 | Volcano  | Killed a red draconian
 17075 | Lair:3   | Found a staircase to the Shoals.
 17331 | Lair:4   | Reached skill level 16 in Fighting
 17856 | Lair:5   | Entered Level 5 of the Lair of Beasts
 18149 | Lair:5   | Found a staircase to the Slime Pits.
 18486 | Lair:5   | Noticed an acid blob
 18490 | Lair:5   | Found a viscous altar of Jiyva.
 18490 | Lair:5   | Noticed a rockslime
 18496 | Lair:5   | Killed an acid blob
 18534 | Lair:4   | Reached skill level 17 in Fighting
 18688 | Lair:5   | Reached XP level 15. HP: 94/107 MP: 15/15
 18744 | Lair:5   | Reached ****** piety under Trog
 18816 | Lair:5   | Killed a rockslime
 19053 | Lair:5   | Received a gift from Trog
 19273 | Lair:5   | Reached skill level 15 in Maces & Flails
 19823 | D:13     | Acquired the +0 helmet of Gluttony {rF+ rC+}
 19938 | D:13     | Found a gate to the Vaults.
 20076 | D:13     | Received a gift from Trog
 20239 | D:13     | Found a sparkling altar of Nemelex Xobeh.
 21456 | D:14     | Reached skill level 18 in Fighting
 22056 | Orc:1    | Entered Level 1 of the Orcish Mines
 22093 | Orc:2    | Entered Level 2 of the Orcish Mines
 22093 | Orc:2    | Found a staircase to the Elven Halls.
 22288 | Orc:2    | Received a gift from Trog
 22401 | Orc:2    | Reached XP level 16. HP: 114/114 MP: 16/16
 22404 | Orc:2    | Found Hestrol's Book Shop.
 22404 | Orc:2    | Found Fyer's Assorted Antiques.
 22409 | Orc:2    | Found Ipaocytu's Book Boutique.
 22418 | Orc:2    | Found Upaid's Antique Weapon Shop.
 22458 | Orc:2    | Bought a scroll of blinking for 187 gold pieces
 22715 | Orc:2    | Received a gift from Trog
 23140 | Shoals:1 | Entered Level 1 of the Shoals
 23475 | Shoals:1 | Identified the ring of Ogychikya {Fly rC- Int+6 Dex+5}
 23527 | Shoals:1 | Noticed Frances
 23537 | Shoals:1 | Killed Frances
 23714 | Shoals:1 | Received a gift from Trog
 23836 | Shoals:1 | Identified the ring "Jaff" {Ice rCorr}
 24714 | Shoals:2 | Found a large runed translucent door.
 24715 | Shoals:2 | Found a large runed translucent door.
 24851 | Shoals:2 | Reached skill level 10 in Dodging
 25065 | Shoals:2 | Found Fopn's Specific Store.
 25069 | Shoals:2 | Found Ceneygax's General Store.
 25074 | Shoals:2 | Bought a potion of heal wounds for 70 gold pieces
 25273 | Shoals:2 | Noticed Qidumn's ghost (adept MiFi)
 25286 | Shoals:2 | Killed Qidumn's ghost
 25595 | Shoals:3 | Reached skill level 19 in Fighting
 25785 | Shoals:3 | Found Quva's Book Boutique.
 26178 | Shoals:4 | Entered Level 4 of the Shoals
 26194 | Shoals:4 | Received a gift from Trog
 26198 | Shoals:4 | Reached XP level 17. HP: 122/122 MP: 17/17
 26580 | Shoals:4 | Reached skill level 15 in Shields
 27057 | Shoals:4 | Got a barnacled rune of Zot
 27855 | Spider:1 | Entered Level 1 of the Spider Nest
 28079 | Spider:1 | Received a gift from Trog
 29098 | Spider:2 | Found a transporter.
 29107 | Spider:2 | Noticed Arachne
 29109 | Spider:2 | Found a transporter.
 29140 | Spider:2 | Noticed woowoo's ghost (adept DrBe)
 29420 | Spider:2 | Reached XP level 18. HP: 129/129 MP: 18/18
 29524 | Spider:2 | Identified Roxanne's Grimoire of Terrain
 29524 | Spider:2 | Noticed Roxanne
 29536 | Spider:2 | Killed Roxanne
 29537 | Spider:2 | Reached skill level 20 in Fighting
 29790 | Spider:3 | Noticed Nikola
 29799 | Spider:3 | Killed Nikola
 29799 | Spider:3 | Identified the +11 quick blade of True Grit {antimagic,
                  | Will++} (Trog gifted it to you on level 3 of the Spider
                  | Nest)
 29799 | Spider:3 | Received a gift from Trog
 30719 | Spider:3 | Identified the +7 flail of Trog's Scorn {flame, rF+++}
                  | (Trog gifted it to you on level 3 of the Spider Nest)
 30719 | Spider:3 | Received a gift from Trog
 31359 | Spider:4 | Entered Level 4 of the Spider Nest
 31839 | Spider:4 | Identified the +5 morningstar "Spiderbane" {antimagic,
                  | rPois rN+ Int-3} (Trog gifted it to you on level 4 of the
                  | Spider Nest)
 31839 | Spider:4 | Received a gift from Trog
 32053 | Spider:4 | Got a gossamer rune of Zot
 32116 | Spider:4 | Reached XP level 19. HP: 136/136 MP: 0/19
 33079 | D:15     | Entered Level 15 of the Dungeon
 33206 | D:15     | Found Luacleil's Distillery.
 33215 | D:15     | Bought a potion of resistance for 160 gold pieces
 33423 | D:15     | Noticed Nessos
 33430 | D:15     | Killed Nessos
 33882 | D:15     | Reached skill level 21 in Fighting
 34109 | D:15     | Found a staircase to the Depths.
 34479 | Depths:1 | Entered Level 1 of the Depths
 34639 | Depths:1 | Received a gift from Trog
 34729 | Depths:1 | Found a one-way gate to the infinite horrors of the Abyss.
 34887 | Depths:1 | Found a gateway to Hell.
 34897 | Depths:1 | Found a transporter.
 34916 | Depths:1 | Found a one-way gate leading to the halls of Pandemonium.
 35163 | Depths:1 | Found Wodessai's Jewellery Shoppe.
 35163 | Depths:1 | Found Myanill's Book Boutique.
 35164 | Depths:1 | Found Buhano's Jewellery Shoppe.
 35259 | Depths:1 | Found a one-way gateway to a ziggurat.
 35364 | Depths:1 | Found a transporter.
 35382 | Depths:1 | Found a transporter.
 35425 | Depths:1 | Found a transporter.
 35457 | Depths:2 | Found a flickering gateway to a bazaar.
 35466 | Bazaar   | Entered a bazaar
 35605 | Bazaar   | Found Zozxe's Jewellery Shoppe.
 35621 | Bazaar   | Found Oczyjogh's General Store.
 35626 | Bazaar   | Bought a potion of haste for 90 gold pieces
 35637 | Bazaar   | Found Foamiopt's Assorted Antiques.
 35642 | Bazaar   | Bought a scroll of blinking for 195 gold pieces
 35653 | Bazaar   | Found Tilelegh's Jewellery Shoppe.
 35696 | Bazaar   | Bought a +4 ring of slaying for 1014 gold pieces
 36970 | Depths:2 | Noticed a tentacled monstrosity
 36979 | Depths:2 | Killed a tentacled monstrosity
 36980 | Depths:2 | Noticed a caustic shrike
 36980 | Depths:2 | Noticed a juggernaut
 36985 | Depths:2 | Identified the +11 lajatang "Biax" {venom, rF+ rC+}
 36990 | Depths:2 | Killed a juggernaut
 36995 | Depths:2 | Reached skill level 15 in Armour
 37003 | Depths:2 | Killed a caustic shrike
 37339 | Depths:2 | Reached XP level 20. HP: 144/144 MP: 14/20
 37427 | Depths:2 | Identified the +9 bardiche of Hew Odghy {elec, Int+2}
 37828 | Depths:3 | Found the +3 pair of seven-league boots {Rampage+∞}
 38273 | Depths:3 | Identified the ring of New Discoveries {*Slow Fly Dex+5
                  | SInv}
 38275 | Depths:3 | Found a radiant altar of Vehumet.
 38291 | Depths:3 | Found a transporter.
 38477 | Depths:3 | Noticed Vv
 38493 | Depths:3 | Killed Vv
 38587 | Depths:4 | Entered Level 4 of the Depths
 38600 | Depths:4 | Noticed Louise
 38613 | Depths:4 | Killed Louise
 39068 | Depths:4 | Found a gate to the Realm of Zot.
 39093 | Depths:4 | Reached skill level 22 in Fighting
 39594 | Depths:4 | Noticed a juggernaut
 39600 | Depths:4 | Killed a juggernaut
 39661 | Depths:4 | Found Zamasm's Distillery.
 39661 | Depths:4 | Found Zixzobos's Antique Armour Shoppe.
 39669 | Depths:4 | Bought a potion of heal wounds for 110 gold pieces
 39687 | Depths:4 | Noticed a golden dragon
 39689 | Depths:4 | Noticed a caustic shrike
 39689 | Depths:4 | Noticed a caustic shrike
 39690 | Depths:4 | Noticed a caustic shrike
 39690 | Depths:4 | Noticed a caustic shrike
 39691 | Depths:4 | Found a radiant altar of Vehumet.
 39691 | Depths:4 | Noticed a caustic shrike
 39917 | Depths:4 | Killed a caustic shrike
 40068 | Depths:3 | Killed a caustic shrike
 40075 | Depths:3 | Killed a caustic shrike
 40188 | Depths:3 | Killed a caustic shrike
 40442 | Depths:4 | Killed a caustic shrike
 40495 | Depths:4 | Killed a golden dragon
 41284 | Slime:1  | Entered Level 1 of the Pits of Slime
 41865 | Slime:3  | Reached XP level 21. HP: 152/152 MP: 14/21
 42517 | Slime:5  | Entered Level 5 of the Pits of Slime
 42617 | Slime:5  | Received a gift from Trog
 42926 | Slime:5  | Noticed the Royal Jelly
 42957 | Slime:5  | Found a viscous altar of Jiyva.
 42977 | Slime:5  | Killed the Royal Jelly
 43276 | Slime:5  | Identified the +8 trident "Dragonbane" {flame, rPois rF+}
 43299 | Slime:5  | Identified the staff of fire "Hueloadise" {rF+ rC++}
 43310 | Slime:5  | Got a slimy rune of Zot
 43776 | Zig:1    | Entered Level 1 of a ziggurat
 43797 | Zig:2    | Entered Level 2 of a ziggurat
 43828 | Zig:3    | Entered Level 3 of a ziggurat
 43911 | Zig:4    | Entered Level 4 of a ziggurat
 43941 | Zig:4    | Identified the +8 spear "Hirchiecsuj" {heavy, Str-5 Dex+3
                  | SInv}
 43947 | Zig:5    | Entered Level 5 of a ziggurat
 43985 | Zig:5    | Identified the ring of Symmetry {Fly Str+4}
 43989 | Zig:5    | Identified the +1 war axe of Precise Incision {flame, rC+
                  | Str+2}
 43991 | Zig:6    | Entered Level 6 of a ziggurat
 44007 | Zig:6    | Paralysed by a wendigo for 1 turns
 44013 | Zig:6    | Reached skill level 23 in Fighting
 44018 | Zig:6    | Paralysed by a wendigo for 1 turns
 44345 | Zot:1    | Entered Level 1 of the Realm of Zot
 44345 | Zot:1    | Found a transporter.
 44350 | Zot:1    | Found a transporter.
 44404 | Zot:1    | Found a transporter.
 44409 | Zot:1    | Found a transporter.
 44410 | Zot:1    | Noticed a golden dragon
 44417 | Zot:1    | Killed a golden dragon
 44514 | Zot:1    | Received a gift from Trog
 44787 | Zot:1    | Found a transporter.
 44788 | Zot:1    | Found a transporter.
 44985 | Zot:1    | Reached XP level 22. HP: 128/160 MP: 15/22
 45681 | Zot:2    | Noticed a curse toe
 45690 | Zot:2    | Killed a curse toe
 46275 | Zot:3    | Received a gift from Trog
 46495 | Zot:3    | Noticed a golden dragon
 46507 | Zot:3    | Killed a golden dragon
 46706 | Zot:3    | Noticed a golden dragon
 46712 | Zot:3    | Killed a golden dragon
 46786 | Zot:3    | Noticed a curse toe
 46791 | Zot:3    | Killed a curse toe
 47025 | Zot:3    | Noticed a Killer Klown
 47040 | Zot:3    | Killed a Killer Klown
 48389 | Zot:3    | Noticed a curse toe
 48411 | Zot:3    | Killed a curse toe
 49349 | Zot:2    | Reached XP level 23. HP: 167/167 MP: 23/23
 50106 | Zot:3    | Reached skill level 24 in Fighting
 51123 | Zot:4    | Noticed a golden dragon
 51128 | Zot:4    | Killed a golden dragon
 51129 | Zot:4    | Reached XP level 24. HP: 160/173 MP: 21/23
 51781 | Zot:4    | Identified the +4 battleaxe of the Burning Gods {antimagic,
                  | Fragile rPois rF+++ Str-5}
 52273 | Zot:4    | Noticed a curse toe
 52283 | Zot:4    | Killed a curse toe
 52717 | Zot:5    | Entered Level 5 of the Realm of Zot
 53340 | Zot:5    | Noticed an orb of fire
 53341 | Zot:5    | Noticed a dread lich
 53371 | Zot:5    | Killed an orb of fire
 53394 | Zot:5    | Killed a dread lich
 53458 | Zot:5    | Noticed an orb of fire
 53468 | Zot:5    | Gained mutation: You have hidden genetic potential. [an orb
                  | of fire]
 53486 | Zot:5    | Gained mutation: You occasionally shout uncontrollably at
                  | your foes. [an orb of fire]
 53489 | Zot:5    | Killed an orb of fire
 53731 | Zot:5    | Noticed a Killer Klown
 53733 | Zot:5    | Noticed a Killer Klown
 53745 | Zot:5    | Killed a Killer Klown
 53759 | Zot:5    | Killed a Killer Klown
 54150 | Zot:5    | Reached XP level 25. HP: 180/180 MP: 20/23
 54160 | Zot:5    | Reached skill level 25 in Fighting
 54176 | Zot:5    | Noticed a Killer Klown
 54176 | Zot:5    | Noticed a Killer Klown
 54176 | Zot:5    | Noticed a Killer Klown
 54177 | Zot:5    | Noticed an ancient lich
 54178 | Zot:5    | Noticed an orb of fire
 54462 | Zot:5    | Killed an orb of fire
 54471 | Zot:5    | Killed an ancient lich
 54623 | Zot:5    | Killed a Killer Klown
 54696 | Zot:5    | Received a gift from Trog
 54794 | Zot:5    | Killed a Killer Klown
 54797 | Zot:5    | Killed a Killer Klown
 54802 | Zot:5    | Noticed a dread lich
 54827 | Zot:5    | Killed a dread lich
 55016 | Zot:5    | Got the Orb of Zot
 55169 | Zot:3    | Noticed Xutio the pandemonium lord
 55702 | D:$      | Escaped with the Orb!

Illustrated notes

Levels and vault maps discovered:
D:1:      giann_wishing_wells, layout_loops_ring, chequers_decorated_corner
D:2:      layout_basic, ebering_ecumenical_altar_rust, uniq_terence,
          uniq_jessica
D:3:      layout_basic, nicolae_ru_path_of_blood, uniq_sigmund
D:4:      layout_loops_cross, mainiacjoe_overflow_concentric_impassable,
          lemuel_temple_firewalk_b, serial_shops, nicolae_shop_waterfront,
          wad_orctagon, uniq_menkaure
D:5:      layout_basic, serial_shops, nicolae_shop_advertising_works
          [nicolae_subvault_shop_adworks], uniq_ijyb, uniq_eustachio,
          uniq_prince_ribbit1, uniq_crazy_yiuf_cottage
D:6:      layout_rooms, ebering_ghost_reflecting_pool,
          chequers_serial_rivers_small_b, columned_hall_lemuel, minmay_between
D:7:      cheibrodos_grave_circle, layout_basic, corner_web_ring
D:8:      minmay_general_purpose_star, layout_cave_pools, minmay_circle_x
D:9:      layout_cave_pools, bloody_makhleb, gammafunk_ghost_hydra_chop
D:10:     layout_roguey, minmay_lair_entry_grove, serial_rivers,
          chequers_serial_rivers_room_b, chequers_serial_rivers_micro_a,
          chequers_serial_rivers_room_b, chequers_serial_rivers_room_b,
          chequers_serial_rivers_large_a
D:11:     minmay_s_stair_smasher, layout_basic, minmay_gold_behind_fungi,
          kiku_gazebo_pond_becter
D:12:     layout_gridville, eino_tiny_chamber, kennysheep_nub, uniq_psyche,
          uniq_snorg
D:13:     layout_irregular_city, erik_vaults_1, nemelex_spade_bored_becter
D:14:     layout_loops_corners, grunt_decor_mini_mirrors, special_room
          [special_room_orc], chequers_serial_rivers_micro_b
D:15:     hangedman_depths_entry_try_elsewhere_first, layout_layer_cave,
          serial_shops, shop, grunt_decor_resistance, uniq_nessos
Lair:1:   layout_chaotic_city, portal_ice_cave_entry_pillars_1,
          infiniplex_staircase_pool, grunt_megastairs_1, serial_bayou_shore_b,
          uniq_sonja, uniq_joseph, uniq_amaemon
Lair:2:   layout_gridlike, hellmonk_spider_entry_life_and_decay,
          beast_lair_carwin_2
Lair:3:   layout_misc_corridors, minmay_shoals_entry_hut,
          nicolae_volcano_entry_batcave, serial_bayou_shore_b
Lair:4:   layout_roguey, serial_bayou_shore_b, serial_bayou_shore_b
Lair:5:   hangedman_lair_caniforms_friends, layout_gridlike,
          guppyfry_lair_end_dragon, dpeg_slime_entry_enclosed, special_room
          [special_room_jelly]
Shoals:1: layout_shoals, nicolae_shoals_lost_giant_temple,
          nicolae_shoals_nymph_descending_staircase, uniq_frances
Shoals:2: layout_shoals, ebering_ghost_disaster_area, nicolae_specific_store,
          nicolae_shoals_enchanted_isle
Shoals:3: layout_shoals, serial_shops, nicolae_shop_trees,
          nicolae_shoals_seven_spires
Shoals:4: shoals_end_grunt_ice, layout_shoals, nicolae_shoals_dead_sea_scrolls
Spider:1: layout_chambers
Spider:2: layout_spider_delve, nzn_ghost_randoct, uniq_roxanne
Spider:3: layout_spider_delve, nicolae_arachne_temple,
          nicolae_spider_cling_halls, uniq_nikola
Spider:4: grunt_spider_rune_circles
Slime:1:  cheibrodos_slime_lost_civilization_9, layout_caves
Slime:2:  layout_caves
Slime:3:  nicolae_slime_infinislime, layout_caves, nicolae_slime_round_cave
Slime:4:  layout_caves, cheibrodos_slime_lost_civilization_4
Slime:5
Orc:1:    layout_diamond_mine, special_room [special_room_orc], serial_shops,
          shop
Orc:2:    st_orc_mages, layout_diamond_mine, basic_altar,
          hellmonk_bongcloud_opening, sword_in_stone
Depths:1: layout_big_octagon, enter_ziggurat_a, hell_entry, pan_entry,
          abyss_entry, minmay_misc_feat_hallway,
          nicolae_transporter_intersection, minmay_shop_grove
Depths:2: minmay_guarded_unrand_guard, layout_basic, serial_shops,
          bzr_entry_islet, pan_entry, hell_entry,
          minmay_misc_feat_secret_circle, kennysheep_big_empty_room,
          minmay_fountain_box
Depths:3: gammafunk_sealed_library, layout_gridlike, hell_entry,
          marbit_kobold_abyss_entry, uniq_vv
Depths:4: evilmike_zot_entry_argh, layout_basic, nicolae_vehumet_radiance,
          grunt_hell_entry_dis_mu, nicolae_abyss_entry_one_way_or_another,
          minmay_shoptagon
Zot:1:    layout_misc_corridors, serial_nicolae_subway,
          nicolae_sub_station_crystal, nicolae_sub_station_metal,
          nicolae_sub_station_stone
Zot:2:    layout_misc_corridors
Zot:3:    infiniplex_zot_generator, layout_basic, zot_minivault_3
Zot:4:    layout_gridlike, grunt_megastairs_5
Zot:5:    layout_basic

Skill      XL: |  1  2  3  4  5  6  7  8  9 10 11 12 13 14 15 16 17 18 19 20 21 22 23 24 25 |
---------------+----------------------------------------------------------------------------+-----
Shields        | 1 2 6 8 10 11 13 14 15 16 18 19 20 21 22 | 22.5
Dodging        | 2 3 4 5 6 7 8 9 10 11 12 13 14 | 14.1
Armour         | 3 4 6 7 8 9 10 11 12 13 14 15 16 17 18 | 18.0
Fighting       | 4 5 6 7 8 10 12 15 17 18 19 20 21 22 23 24 25 | 25.3
Maces & Flails | 4 5 7 8 10 11 12 13 14 15 16 17 18 19 20 21 22 | 22.7

Action                     |  1- 3 |  4- 6 |  7- 9 | 10-12 | 13-15 | 16-18 | 19-21 | 22-24 | 25-27 || total
---------------------------+-------+-------+-------+-------+-------+-------+-------+-------+-------++-------
  Melee: Mace              |    21 |       |       |       |       |       |       |       |       ||    21
         War axe           |    16 |       |       |   109 |       |       |       |       |       ||   125
         Dire flail        |     9 |   105 |   346 |   100 |       |       |       |       |       ||   560
         Flail             |       |       |       |   561 |   148 |    10 |       |     5 |       ||   724
         Morningstar       |       |       |       |    23 |       |       |     9 |    54 |    19 ||   105
         Demon whip        |       |       |       |       |   956 |   955 |       |    58 |       ||  1969
         Eveningstar       |       |       |       |       |       |   213 |   971 |   783 |   109 ||  2076
 Invoke: Berserk           |     2 |     3 |    12 |    22 |    12 |    11 |    11 |     5 |     1 ||    79
         Trog's Hand       |       |       |     3 |     7 |     6 |    12 |    13 |     7 |     3 ||    51
         Brothers in Arms  |       |       |       |       |     1 |     2 |       |     1 |       ||     4
  Evoke: Wand              |       |       |       |     2 |     9 |     8 |     2 |     2 |     1 ||    24
         Phantom mirror    |       |       |       |       |     1 |       |       |       |       ||     1
    Use: Scroll            |       |     5 |    10 |    12 |    16 |    10 |    15 |     9 |     7 ||    84
         Potion            |       |       |     5 |     2 |       |     6 |     8 |     3 |    11 ||    35
   Stab: Distracted        |       |       |       |       |     7 |    17 |    16 |     8 |       ||    48
         Petrified         |       |       |       |       |     1 |       |       |       |       ||     1
         Invisible         |       |       |       |       |       |     8 |       |       |       ||     8
 Armour: Animal skin       |     9 |       |       |       |       |       |       |       |       ||     9
         Scale mail        |     2 |    64 |    96 |       |       |       |       |       |       ||   162
         Leather armour    |       |       |    95 |   448 |   161 |       |       |       |       ||   704
         Ice dragon scales |       |       |       |       |   155 |   547 |   524 |       |       ||  1226
         Gold dragon scale |       |       |       |       |       |       |    34 |   496 |    92 ||   622
  Dodge: Dodged            |    29 |    70 |   199 |   435 |   426 |   341 |   331 |   186 |    27 ||  2044
  Block: Tower shield      |       |       |       |   623 |   796 |  1001 |   888 |   772 |   115 ||  4195
